 Dungeon Crawl Stone Soup version 0.29-a0-378-gc08b2e8bf8 (webtiles) character file.

Game seed: 5204157506054099475

73 zishaf the Gusty (level 4, -7/26 HPs)
             Began as a Tengu Air Elementalist on May 4, 2022.
             Mangled by a black bear (10 damage)
             ... created by the rage of Trog
             ... on level 2 of the Dungeon.
             The game lasted 00:03:22 (1949 turns).

zishaf the Gusty (Tengu Air Elementalist)           Turns: 1949, Time: 00:03:23

Health: -7/26      AC:  7    Str:  7 (9)  XL:     4   Next: 27%
Magic:  8/8        EV: 12    Int: 17      God:
Gold:   98         SH:  0    Dex: 14      Spells: 1/7 levels left

rFire   . . .      SeeInvis .   c - +0 short sword
rCold   . . .      Faith    .   (no shield)
rNeg    . . .      Spirit   .   a - +0 robe
rPois   .          Reflect  .   (helmet restricted)
rElec   .          Harm     .   e - +0 cloak
rCorr   .          Rampage  .   (no gloves)
Will    .....                   (boots unavailable)
Stlth   ++........              (no amulet)
HPRegen 0.08/turn               l - +4 ring of protection
MPRegen 0.11/turn               (no ring)

@: no status effects
A: beak, talons 3
a: no special abilities


You were on level 2 of the Dungeon.
You visited 1 branch of the dungeon, and saw 2 of its levels.

You collected 98 gold pieces.

Inventory:

Hand Weapons
 c - a +0 short sword (weapon)
 k - a +0 hunting sling of flaming
Armour
 a - a +0 robe (worn)
 e - a +0 cloak (worn)
Jewellery
 l - a +4 ring of protection (left hand)
Scrolls
 d - 4 scrolls of fear {unknown}
 g - a scroll of poison {unknown}
 m - a scroll of identify {unknown}
 n - a scroll of amnesia {unknown}
Potions
 b - a potion of magic
 f - a potion of haste {unknown}
 h - a potion of ambrosia {unknown}
 i - a potion of flight {unknown}
 j - 2 potions of brilliance {unknown}


   Skills:
 + Level 2.2 Fighting
 - Level 2.1 Dodging
 - Level 2.0 Stealth
 - Level 2.0 Spellcasting
 - Level 1.7 Conjurations
 + Level 5.5 Air Magic


You had one spell level left.
You knew the following spells:

 Your Spells              Type           Power      Damage    Failure   Level
a - Shock                 Conj/Air       56%        1d6       4%          1
b - Static Discharge      Conj/Air       14%        N/A       7%          2
c - Swiftness             Air            20%        N/A       6%          3

Your spell library contained the following spells:

 Spells                   Type           Power      Damage    Failure   Level
 Airstrike                Air            10%        N/A       19%         4
 Blink                    Tloc           2%         N/A       28%         2
 Lesser Beckoning         Tloc           1%         N/A       50%         3
 Manifold Assault         Tloc           1%         N/A       99%         5


Dungeon Overview and Level Annotations

Branches:
Dungeon (2/15)

Altars:
Trog


Innate Abilities, Weirdness & Mutations

You have a beak for a mouth.
You have claws for feet.


Message History

You add the spells Blink, Lesser Beckoning and Manifold Assault to your library.
d - 4 scrolls labelled CAREFAQUTO (gained 3)
n - a scroll labelled HUCLIY UNOI A quokka comes into view.
Found 26 stones.
An adder comes into view.
The helpless quokka fails to defend itself.
You hit the quokka. You claw the quokka, but do no damage. You peck the quokka.
The quokka is moderately wounded.
The quokka barely misses you.
You miss the quokka. You claw the quokka.
You kill the quokka!
The adder hisses angrily.
The adder bites you but does no damage.
You closely miss the adder. You claw the adder, but do no damage.
Your peck misses the adder. The adder bites you.
Trog sends monsters to punish you.
A polar bear and 3 black bears come into view.
You barely miss the black bear.
You claw the black bear, but do no damage.
You peck the black bear.
The black bear is lightly wounded.
The adder barely misses you.
You barely miss the black bear. You claw the black bear.
You peck the black bear, but do no damage.
The black bear is lightly wounded.
The adder barely misses you. The black bear misses you. x2
The black bear closely misses you.
The black bear rages.
The polar bear misses you. The polar bear claws you. x2
The adder bites you but does no damage.
The polar bear attacks as you move away!
The polar bear bites you!
* * * LOW HITPOINT WARNING * * *
The polar bear claws you but does no damage. x2
The black bear rages.
The black bear barely misses you. x2
The black bear claws you but does no damage.
The black bear bites you!
You die...

........'...#
........###.# .....#
........# .....#
........# #. .....#
†....######.####....#
.....# #(.........#
.....# #.....$....#
.....# #..........#
#....# #......@hSh#
#....# #......hh..#
#....# #....†.....#
#...## ######.#+#.#
##..# #########.# .#
##.## #.........# #
...# #.######### ...#
#.#....# .#.#
#......#


You could see a polar bear (berserk), 3 black bears and an adder.

Vanquished Creatures
  2 adders (D:2)
  A gnoll (D:1)
  A worm (D:2)
  A dart slug (D:2)
  6 ball pythons
  2 bats (D:1)
  3 endoplasms (D:1)
  2 goblins (D:1)
  4 hobgoblins
  3 jackals (D:1)
  2 kobolds (D:1)
  3 quokkas
  6 frilled lizards
  4 rats
40 creatures vanquished.

Notes
Turn   | Place    | Note
-------+----------+-------------------------------------------
     0 | D:1      | zishaf the Tengu Air Elementalist began the quest for the
                  | Orb.
     0 | D:1      | Reached XP level 1. HP: 10/10 MP: 4/4
    19 | D:1      | Reached XP level 2. HP: 10/16 MP: 1/6
   145 | D:1      | Reached skill level 1 in Fighting
   370 | D:1      | Reached skill level 5 in Air Magic
   444 | D:1      | Reached XP level 3. HP: 20/20 MP: 5/7
   488 | D:1      | Learned a level 2 spell: Static Discharge
  1337 | D:2      | Found a faded altar of an unknown god.
  1382 | D:2      | Prayed at the altar of an unknown god.
  1382 | D:2      | Became a worshipper of Trog the Wrathful
  1382 | D:2      | Reached * piety under Trog
  1383 | D:2      | Fell from the grace of Trog
  1536 | D:2      | Learned a level 3 spell: Swiftness
  1580 | D:2      | Paralysed by Trog for 3 turns
  1635 | D:2      | Reached XP level 4. HP: 26/26 MP: 4/8
  1947 | D:2      | Noticed a polar bear
  1947 | D:2      | Noticed a black bear
  1947 | D:2      | Noticed a black bear
  1947 | D:2      | Noticed a black bear
  1949 | D:2      | Mangled by a black bear

Illustrated notes

Levels and vault maps discovered:
D:1:      lightli_arrival_isolated_outpost, layout_basic
D:2:      layout_basic, hellmonk_ecumenical_altar_blasted

Skill      XL: |  1  2  3 |
---------------+----------+-----
Fighting       | 1 2 |  2.2
Air Magic      | 5 |  5.5
Dodging        | |  2.1
Stealth        | |  2.0
Spellcasting   | |  2.0
Conjurations   | |  1.7

Action                   |  1- 3 |  4- 6 || total
-------------------------+-------+-------++-------
Melee: Short sword       |     8 |     6 ||    14
       Kick              |     3 |     6 ||     9
       Unarmed           |     1 |       ||     1
       Peck              |       |     3 ||     3
 Cast: Shock             |    71 |    13 ||    84
Invok: Renounce Religion |     1 |       ||     1
 Stab: Sleeping          |       |     1 ||     1
Armor: Robe              |     8 |     5 ||    13
Dodge: Dodged            |     7 |     9 ||    16

Table legend: (Time is in decaauts)
 A = Elapsed time spent in this place.
 B = Non-inter-level travel time spent in this place.
 C = Inter-level travel time spent in this place.
 D = Time resting spent in this place.
 E = Time spent auto-exploring this place.
 F = Levels seen in this place.
 G = Mean time per level.
                   A        B        C        D        E       F      G
               +--------+--------+--------+--------+--------+-----+--------+
         Total |   1956 |   1904 |     52 |    132 |   1472 |   2 |  978.0 |
       Dungeon |   1956 |   1904 |     52 |    132 |   1472 |   2 |  978.0 |
               +--------+--------+--------+--------+--------+-----+--------+

Top non-repeatable levels by time:
     D:1: 1230 daAuts
     D:2: 726 daAuts
